 Dungeon Crawl Stone Soup version 0.28-a0-1616-g050a50673c (webtiles) character file.

Game seed: 604947424788024051

9956 hashsling the Fighter (level 11, -3/102 HPs)
             Began as a Minotaur Berserker on Jan 22, 2022.
             Was an Elder of Trog.
             Slain by an orc warrior (7 damage)
             ... on level 9 of the Dungeon.
             The game lasted 00:19:55 (11084 turns).

hashsling the Fighter (Minotaur Berserker)         Turns: 11084, Time: 00:19:56

Health: -3/102     AC: 13    Str: 27    XL:     11   Next: 29%
Magic:  10/10      EV: 11    Int:  1    God:    Trog [****..]
Gold:   618        SH:  0    Dex:  9    Spells: 10/10 levels left

rFire   . . .      SeeInvis .   z - +0 battleaxe
rCold   . . .      Faith    .   (shield currently unavailable)
rNeg    . . .      Spirit   .   h - +0 chain mail
rPois   +          Reflect  .   (helmet restricted)
rElec   .          Harm     .   (no cloak)
rCorr   .          Rampage  .   (no gloves)
Will    ++...      Rage     50% l - +0 pair of boots
Stlth   ..........              D - necklace of Bloodlust {*Rage Will++ Int-3 Slay+6}
HPRegen 0.27/turn               n - ring of poison resistance
MPRegen 0.12/turn               x - ring of flight

@: on berserk cooldown, flying, slowed, very slow
A: horns 2, retaliatory headbutt
a: Renounce Religion, Berserk, Trog's Hand, Brothers in Arms


You were on level 9 of the Dungeon.
You worshipped Trog.
Trog was greatly pleased with you.
You visited 1 branch of the dungeon, and saw 9 of its levels.

You collected 618 gold pieces.

Inventory:

Hand Weapons
 z - a +0 battleaxe (weapon)
Missiles
 t - 5 curare-tipped darts (quivered)
Armour
 h - a +0 chain mail (worn)
 l - a +0 pair of boots (worn)
Jewellery
 n - a ring of poison resistance (left hand)
 x - a ring of flight (right hand)
 y - a ring of magical power
 D - the necklace of Bloodlust (around neck) {*Rage Will++ Int-3 Slay+6}
   (You found it on level 9 of the Dungeon)

   [amulet of nothing]

   It extends the wearer's berserk rage when killing foes.
   Int:       It affects your intelligence (-3).
   Slay:      It affects your accuracy & damage with ranged weapons and melee
   (+6).
   *Rage:     It berserks you when you make melee attacks (+50% chance).
   Will:      It greatly increases your willpower.
Wands
 m - a wand of charming (10)
 A - a wand of polymorph (23)
 B - a wand of flame (13)
Scrolls
 b - 2 scrolls of fog {unknown}
 c - 5 scrolls of identify
 e - 3 scrolls of teleportation
 g - 3 scrolls of enchant weapon {unknown}
 s - a scroll of enchant armour {unknown}
 u - a scroll of vulnerability {unknown}
 w - 2 scrolls of fear {unknown}
 C - a scroll of silence {unknown}
Potions
 a - a potion of lignification {unknown}
 d - a potion of magic {unknown}
 f - 5 potions of curing
 i - a potion of brilliance
 j - 3 potions of berserk rage
 k - 2 potions of degeneration {unknown}
 o - a potion of attraction {unknown}
 p - 3 potions of flight {unknown}
 q - 2 potions of mutation {unknown}
 r - a potion of invisibility {unknown}
 v - a potion of cancellation {unknown}
Miscellaneous
 E - a condenser vane


   Skills:
 + Level 11.3 Fighting
 + Level 11.3 Axes
 + Level 11.0 Armour
 + Level 10.0 Dodging


You had 10 spell levels left.
You didn't know any spells.
Your spell library was empty.

Dungeon Overview and Level Annotations

Branches:
Dungeon (9/15)             Temple (0/1) D:4             Orc (0/2) D:9
   Lair: D:8-11

Altars:
Ashenzari
Dithmenos
Makhleb
Nemelex Xobeh
Qazlal
Trog
Uskayaw
Vehumet
Wu Jian
Xom
Yredelemnul
The Shining One

Shops:
D:2 [:

Annotations:
D:9 2 runed translucent doors


Innate Abilities, Weirdness & Mutations

You have a pair of horns on your head.
You reflexively headbutt those who attack you in melee.


Message History

The centaur warrior kicks you but does no damage.
An orc priest comes into view.
It is wielding a +0 short sword and wearing a +2 ring mail of willpower.
The centaur warrior hits you. The centaur warrior kicks you.
The centaur warrior wields a +0 shortbow.
The centaur warrior shoots an arrow.
The arrow hits you.
* * * LOW HITPOINT WARNING * * *
The centaur warrior shoots an arrow.
The arrow closely misses you.
You slice the centaur warrior!!
You kill the centaur warrior!
Trog accepts your kill.
Your Armour skill increases to level 11!
Your Dodging skill increases to level 10!
You barely miss the orc warrior. You headbutt the orc warrior!
The orc warrior is moderately wounded.
The orc warrior hits you but does no damage.
The orc warrior hits you with a +0 scimitar!
* * * LOW HITPOINT WARNING * * *
You slash the orc warrior!
The orc warrior is heavily wounded.
The orc warrior hits you with a +0 scimitar.
* * * LOW HITPOINT WARNING * * *
The orc priest calls upon Beogh to heal the orc warrior.
The orc warrior is healed somewhat.
The orc warrior hits you with a +0 scimitar.
* * * LOW HITPOINT WARNING * * *
You hit the orc warrior. You headbutt the orc warrior.
The orc warrior is severely wounded.
The orc warrior barely misses you.
The orc warrior hits you with a +0 scimitar.
* * * LOW HITPOINT WARNING * * *
You hit the orc warrior.
The orc warrior is almost dead.
The orc priest calls upon Beogh to heal the orc warrior.
The orc warrior is healed somewhat.
The orc warrior hits you but does no damage.
Unknown command.
You hit the orc warrior but do no damage.
The orc warrior is severely wounded.
The orc warrior hits you with a +0 scimitar!
You die...

###### ##....######
#..........##
#...######..#
#..##o@.)##.#
#..#o####.#.########
#..#.#|#..#........##
#..#o##.#.'.##''##..##
#..#..#######8..8##..#
#..##. #8....8#..#
#...### #......#..#
#...###### #[.....#(.#
#..##(#.)# #8....8#..#


You could see an orc warrior and an orc priest.

Vanquished Creatures
  A centaur warrior (D:9)
  Erolcha (D:9)
  2 two-headed ogres (D:9)
  Pikel (D:5)
  Joseph (D:7)
  3 centaur zombies
  A gargoyle (D:8)
  Grinder (D:4)
  A slime creature (D:9)
  9 yaks (D:8)
  2 steam dragons
  A vampire mosquito (D:9)
  Edmund (D:5)
  Menkaure (D:7)
  2 orc warriors (D:7)
  An ice beast (D:5)
  A sky beast (D:7)
  A black bear (D:3)
  The ghost of parzival7114810 the Chopper, an amateur HOFi of Beogh (D:3)
  A boggart (D:9)
  2 ogres
  3 centaurs
  2 lemures (D:5)
  2 kobold brigands
  A bullfrog (D:7)
  2 gnoll sergeants
  A wyvern zombie (D:7)
  10 scorpions
  A wyvern skeleton (D:7)
  16 wights
  2 bullfrog zombies
  6 orc priests
  4 hounds
  3 jellies
  Crazy Yiuf (D:5)
  2 bullfrog skeletons
  3 centaur skeletons
  2 iguanas
  9 orc wizards
  A killer bee zombie (D:5)
  2 howler monkey skeletons
  4 gnolls
  10 adders
  A white imp (D:7)
  An adder skeleton (D:4)
  3 worms
  3 dart slugs
  34 orcs
  7 bats
  11 endoplasms
  5 giant cockroaches
  6 goblins
  9 hobgoblins
  14 jackals
  3 quokkas
  12 ball pythons
  7 frilled lizards
  14 kobolds
  6 rats
  A spectral orc (D:5)
259 creatures vanquished.

Vanquished Creatures (others)
  9 fungi (D:6)
  45 plants (D:3)
54 creatures vanquished.

Grand Total: 313 creatures vanquished

Notes
Turn   | Place    | Note
-------+----------+-------------------------------------------
     0 | D:1      | hashsling the Minotaur Berserker began the quest for the
                  | Orb.
     0 | D:1      | Reached XP level 1. HP: 19/19 MP: 0/0
    39 | D:1      | Found a faded altar of an unknown god.
   190 | D:1      | Reached XP level 2. HP: 26/27 MP: 1/1
   515 | D:1      | Reached XP level 3. HP: 29/33 MP: 2/2
   525 | D:1      | Reached ** piety under Trog
   961 | D:2      | Found Astraps's Book Boutique.
   973 | D:2      | Found Awnurud's Armour Emporium.
  1257 | D:2      | Reached XP level 4. HP: 38/41 MP: 3/3
  1939 | D:3      | Found a runed translucent gate.
  1939 | D:3      | Found a runed translucent gate.
  1939 | D:3      | Found a runed translucent gate.
  1963 | D:3      | Found a faded altar of an unknown god.
  1963 | D:3      | Found a bloodstained altar of Trog.
  1971 | D:3      | Found a broken altar of Ashenzari.
  1973 | D:3      | Found a hide-covered altar of Uskayaw.
  1975 | D:3      | Found a burning altar of Makhleb.
  1999 | D:3      | Noticed parzival7114810's ghost (amateur HOFi)
  2025 | D:3      | Found a glowing golden altar of the Shining One.
  2089 | D:3      | Reached *** piety under Trog
  2099 | D:3      | Reached XP level 5. HP: 34/47 MP: 4/4
  2373 | D:3      | Found a radiant altar of Vehumet.
  2467 | D:3      | Reached skill level 5 in Fighting
  2700 | D:3      | Reached skill level 5 in Axes
  2848 | D:3      | Noticed a black bear
  2851 | D:3      | Killed a black bear
  2852 | D:3      | Reached XP level 6. HP: 56/56 MP: 5/5
  3151 | D:3      | Reached **** piety under Trog
  3157 | D:3      | Killed parzival7114810's ghost
  3158 | D:3      | Reached skill level 5 in Armour
  3329 | D:4      | Reached XP level 7. HP: 62/62 MP: 6/6
  3791 | D:4      | Found a staircase to the Ecumenical Temple.
  3861 | D:4      | Found a shimmering altar of Xom.
  4086 | D:4      | Noticed Grinder
  4105 | D:4      | Killed Grinder
  4106 | D:4      | Reached skill level 5 in Dodging
  4437 | D:5      | Entered Level 5 of the Dungeon
  4594 | D:5      | Reached XP level 8. HP: 71/71 MP: 7/7
  4803 | D:5      | Noticed Pikel
  4819 | D:5      | Killed Pikel
  5080 | D:5      | Noticed Edmund
  5089 | D:5      | Killed Edmund
  5090 | D:5      | Reached XP level 9. HP: 81/81 MP: 8/8
  5270 | D:5      | Found a basalt altar of Yredelemnul.
  5315 | D:5      | Found a runed translucent door.
  5316 | D:5      | Noticed Crazy Yiuf
  5323 | D:5      | Killed Crazy Yiuf
  6756 | D:7      | Noticed Menkaure
  6760 | D:7      | Killed Menkaure
  7035 | D:7      | Found an ornate altar of the Wu Jian Council.
  7046 | D:7      | Reached XP level 10. HP: 91/91 MP: 9/9
  7235 | D:7      | Noticed Joseph
  7245 | D:7      | Killed Joseph
  7791 | D:7      | Found a stormy altar of Qazlal.
  7791 | D:7      | Found a shadowy altar of Dithmenos.
  7791 | D:7      | Found a sparkling altar of Nemelex Xobeh.
  8606 | D:8      | Reached skill level 10 in Fighting
  8611 | D:8      | Reached skill level 10 in Axes
  9209 | D:8      | Noticed a gargoyle
  9216 | D:8      | Killed a gargoyle
  9217 | D:8      | Reached skill level 10 in Armour
  9874 | D:9      | Noticed a two-headed ogre
  9880 | D:9      | Killed a two-headed ogre
 10078 | D:9      | Found a large runed translucent door.
 10078 | D:9      | Found a large runed translucent door.
 10095 | D:9      | Found the necklace of Bloodlust {*Rage Will++ Int-3 Slay+6}
 10106 | D:9      | Found a large runed translucent door.
 10106 | D:9      | Found a large runed translucent door.
 10281 | D:9      | Noticed a two-headed ogre
 10286 | D:9      | Killed a two-headed ogre
 10287 | D:9      | Reached XP level 11. HP: 102/102 MP: 10/10
 10464 | D:9      | Noticed Erolcha
 10467 | D:9      | Killed Erolcha
 10621 | D:9      | Found a staircase to the Orcish Mines.
 11070 | D:9      | Noticed a centaur warrior
 11079 | D:9      | Killed a centaur warrior
 11080 | D:9      | Reached skill level 10 in Dodging
 11082 | D:9      | HP: 3/102 [orc warrior (6)]
 11084 | D:9      | Slain by an orc warrior

Illustrated notes

Levels and vault maps discovered:
D:1:      onia_arrival_pyramid, layout_basic,
          hellmonk_ecumenical_altar_pennies_from_heaven, serial_bayou_pond_e
D:2:      layout_loops_ring, serial_shops, shop_statue, nicolae_shop_stone
D:3:      minmay_chambers_of_twos, layout_basic,
          chequers_temple_overflow_minitemple, mainiacjoe_overflow_tiny_flanked,
          lemuel_round_altar, gammafunk_ghost_necromancy, kennysheep_path_1,
          serial_bayou_lagoon_a
D:4:      layout_layer_cave, xom_teletrap_fun, minmay_temple_entry_butterflies,
          uniq_grinder
D:5:      layout_rooms, yredelemnul_forgotten_temple_becter, st_stairs_5,
          uniq_crazy_yiuf_cottage, uniq_edmund, uniq_pikel
D:6:      old_forge, layout_rooms
D:7:      layout_loops_ring, nicolae_wu_jian_immortal_techniques,
          gammafunk_temple_overflow_forgotten, serial_rivers,
          chequers_serial_rivers_small_b, chequers_serial_rivers_micro_c,
          chequers_serial_rivers_small_3, chequers_serial_rivers_small_a,
          minmay_misc_feat_rugged, uniq_joseph, uniq_menkaure
D:8:      layout_loops_ring, nicolae_sextant
D:9:      layout_basic, orc_0_dummy, minmay_hollow_rounded_squares, uniq_erolcha

Skill      XL: |  1  2  3  4  5  6  7  8  9 10 11 |
---------------+----------------------------------+-----
Fighting       | 4 5 6 7 9 11 | 11.3
Axes           | 4 5 6 7 9 11 | 11.3
Armour         | 3 4 5 6 7 9 10 11 | 11.0
Dodging        | 3 4 5 6 8 9 10 | 10.0

Action                   |  1- 3 |  4- 6 |  7- 9 | 10-12 || total
-------------------------+-------+-------+-------+-------++-------
Melee: Hand axe          |    76 |   136 |   257 |       ||   469
       Headbutt          |     6 |    21 |    55 |    30 ||   112
       Punch             |       |     1 |     3 |       ||     4
       War axe           |       |       |    23 |     1 ||    24
       Battleaxe         |       |       |       |   185 ||   185
Invok: Berserk           |       |     3 |    11 |     4 ||    18
       Trog's Hand       |       |       |     5 |     2 ||     7
  Use: Scroll            |       |     6 |       |       ||     6
 Stab: Held in net/web   |       |       |     1 |       ||     1
Armor: Animal skin       |     2 |       |       |       ||     2
       Leather armour    |    20 |    11 |       |       ||    31
       Scale mail        |       |    23 |       |       ||    23
       Chain mail        |       |    14 |   144 |    79 ||   237
Dodge: Dodged            |    56 |    77 |   126 |    83 ||   342

Table legend: (Time is in decaauts)
 A = Elapsed time spent in this place.
 B = Non-inter-level travel time spent in this place.
 C = Inter-level travel time spent in this place.
 D = Time resting spent in this place.
 E = Time spent auto-exploring this place.
 F = Levels seen in this place.
 G = Mean time per level.
                   A        B        C        D        E       F      G
               +--------+--------+--------+--------+--------+-----+--------+
         Total |  11353 |  11076 |    277 |      0 |   9555 |   9 | 1261.4 |
       Dungeon |  11353 |  11076 |    277 |      0 |   9555 |   9 | 1261.4 |
               +--------+--------+--------+--------+--------+-----+--------+

Top non-repeatable levels by time:
     D:7: 1722 daAuts
     D:8: 1649 daAuts
     D:3: 1553 daAuts
     D:9: 1377 daAuts
     D:4: 1149 daAuts
     D:6: 1058 daAuts
     D:5: 1027 daAuts
     D:1: 969 daAuts
     D:2: 847 daAuts
